 Dungeon Crawl Stone Soup version 0.18-a0-1745-gffa9a88 (webtiles) character file.

907 Eucla the Poker (level 7, -1/56 HPs)
             Began as a Demonspawn Wanderer on Apr 11, 2016.
             Was a Follower of Yredelemnul.
             Shot with an arrow by a centaur (3 damage)
             ... on level 6 of the Dungeon.
             The game lasted 00:12:26 (5017 turns).

Eucla the Poker (Demonspawn Wanderer)               Turns: 5017, Time: 00:12:26

Health: -1/56      AC:  8    Str: 17    XL:     7   Next: 81%
Magic:  0/8        EV: 13    Int: 12    God:    Yredelemnul [*.....]
Gold:   273        SH:  0    Dex: 17    Spells: 0 memorised, 8 levels left

rFire  . . .     SeeInvis +     a - +2 spear
rCold  . . .     Gourm    .     e - +0 ring mail
rNeg   . . .     Faith    .     (no shield)
rPois  .         Spirit   +     p - +0 helmet {SInv}
rElec  .         Dismiss  .     (no cloak)
rCorr  .         Reflect  .     m - +0 pair of gloves
SustAt .         Harm     .     (no boots)
MR     .....                    (no amulet)
Stlth  +.........               (no ring)
                                o - +6 ring of strength

@: not resistant to hostile enchantments, very unstealthy
A: molten scales 1, magic shield, magic regeneration
a: Animate Remains, Renounce Religion


You were on level 6 of the Dungeon.
You worshipped Yredelemnul.
Yredelemnul was aware of your devotion.
You were not hungry.

You visited 1 branch of the dungeon, and saw 6 of its levels.
You also visited: Sewer.

You collected 273 gold pieces.

Inventory:

Hand Weapons
 a - a +2 spear (weapon)
 q - a +0 trident
Armour
 d - a +0 robe
 e - a +0 ring mail (worn)
 m - a +0 pair of gloves (worn)
 p - a +0 helmet of see invisible (worn)
Rods
 H - a +1 rod of inaccuracy (11/11)
   (You found it on level 6 of the Dungeon)
Jewellery
 o - a +6 ring of strength (left hand)
 v - an uncursed ring of ice {unknown}
Wands
 c - a wand of random effects (15/48)
 A - a wand of flame (25/48)
 B - a wand of flame (22/48)
 D - a wand of acid (5/15)
Scrolls
 b - a scroll of teleportation
 h - 3 scrolls of identify
 j - a scroll of fear {unknown}
 k - a scroll of amnesia {unknown}
 l - a scroll of remove curse {unknown}
 n - 2 scrolls of magic mapping {unknown}
 u - 2 scrolls of noise {unknown}
 x - 2 scrolls of enchant weapon {unknown}
 y - 2 scrolls of random uselessness {unknown}
Potions
 g - 7 potions of curing
 i - a potion of ambrosia
 r - a potion of degeneration
 s - 2 potions of flight
 w - 2 potions of haste {unknown}
 E - a potion of heal wounds
 F - a potion of agility {unknown}
Books
 z - a book of Dreams

   Spells                             Type                      Level
   a - Ensorcelled Hibernation        Hexes/Ice                    2
   b - Silence                        Hexes/Air                    5
   c - Darkness                       Hexes                        6
   d - Shadow Creatures               Summoning                    6
 G - a book of Ice

   Spells                             Type                      Level
   a - Ice Form                       Ice/Transmutation            4
   b - Metabolic Englaciation         Hexes/Ice                    5
   c - Ozocubu's Refrigeration        Ice                          6
   d - Bolt of Cold                   Conjuration/Ice              6
   e - Freezing Cloud                 Conjuration/Ice/Air          6
   f - Simulacrum                     Ice/Necromancy               6
Comestibles
 f - 3 bread rations
 t - 2 meat rations
 C - a beef jerky


   Skills:
 + Level 5.1 Fighting
 * Level 5.7 Polearms
 + Level 4.1 Dodging
 - Level 1.7 Stealth
 - Level 1.0 Spellcasting
   Level 2.0 Hexes
 - Level 1.0 Evocations


You had 8 spell levels left.
You didn't know any spells.

Dungeon Overview and Level Annotations

Branches:
Dungeon (6/15)             Temple (0/1) D:5

Altars:
Yredelemnul


Innate Abilities, Weirdness & Mutations

You are partially covered in molten scales (AC +1).
When hurt, damage is shared between your health and your magic reserves.
You regenerate magic rapidly.


Message History

The centaur shoots an arrow.
The arrow hits you but does no damage.
The centaur shoots an arrow.
The arrow hits you!
You see here 2 arrows.
Unknown command.
The centaur shoots an arrow.
The arrow hits you.
The centaur shoots an arrow.
The arrow hits you!
* * * LOW HITPOINT WARNING * * *
The centaur shoots an arrow.
The arrow hits you!
* * * LOW HITPOINT WARNING * * *
You see here 2 arrows.
Unknown command.
The centaur shoots an arrow.
The arrow barely misses you.
The centaur shoots an arrow.
The arrow hits you!
* * * LOW HITPOINT WARNING * * *
You see here 2 arrows.
Unknown command.
Unknown command.
The centaur shoots an arrow.
The arrow hits you.
You die...
Your body rises from the dead as a mindless zombie.

...≈≈≈≈≈(############.#.#
≈≈c≈c≈≈≈(# #.#.#
≈≈≈≈≈≈≈≈(############.#.#
≈≈≈≈≈≈≈≈(...[...........#
≈≈≈≈≈≈≈≈Z############.###
≈≈≈≈≈≈≈≈.#..........#.#
.......((#.########.#)#
########(#.#...####.#.#
#@#.#........#.#
#.#.#.########.#
#.#............#
#.###.########## #.#
#.#####.# #.# #.......#
..# #.#####.# #.# ### #.#
#.#


You could see 2 centaurs and a friendly orc zombie.

Vanquished Creatures
  Duvessa (D:5)
  An ice beast (D:4)
  A phantom (D:6)
  A big kobold (Sewer)
  A giant frog zombie (D:6)
  An orc priest (D:6)
  A hound (D:4)
  Jessica (D:2)
  Terence (D:2)
  An iguana (D:4)
  4 orc wizards
  3 worker ants
  Robin (D:2)
  3 adders
  A shadow imp (D:5)
  An ooze (D:4)
  2 worms
  3 dart slugs
  5 giant geckos
  12 orcs
  9 bats
  6 giant cockroaches
  13 goblins
  9 hobgoblins
  14 jackals
  6 kobolds
  4 quokkas
  3 ball pythons
  A giant gecko skeleton (D:4)
  2 giant newts
  9 rats
121 creatures vanquished.

Vanquished Creatures (collateral kills)
  Dowan (D:5)
1 creature vanquished.

Vanquished Creatures (others)
  A hound zombie (D:4)
  An adder (D:4)
  A bat zombie (D:3)
3 creatures vanquished.

Grand Total: 125 creatures vanquished

Notes
Turn   | Place    | Note
--------------------------------------------------------------
     0 | D:1      | Eucla the Demonspawn Wanderer began the quest for the Orb.
     0 | D:1      | Eucla set off with: a +2 spear, a scroll of teleportation, a wand of random effects (15/48), a +0 robe, a +0 dagger, a bread ration
     0 | D:1      | Reached XP level 1. HP: 18/18 MP: 2/2
   239 | D:1      | Reached skill level 1 in Polearms
   498 | D:1      | Gained mutation: When hurt, damage is shared between your health and your magic reserves. [demonic ancestry]
   498 | D:1      | Reached XP level 2. HP: 24/24 MP: 3/3
   948 | D:2      | Gained mutation: You are partially covered in molten scales (AC +1). [demonic ancestry]
   948 | D:2      | Reached XP level 3. HP: 29/29 MP: 4/4
  1163 | D:2      | Noticed Terence
  1165 | D:2      | Noticed Jessica
  1227 | D:2      | Killed Terence
  1361 | D:2      | Killed Jessica
  1361 | D:2      | Gained mutation: You regenerate magic rapidly. [demonic ancestry]
  1361 | D:2      | Reached XP level 4. HP: 31/35 MP: 5/5
  1484 | D:2      | Noticed Robin
  1498 | D:2      | Killed Robin
  1706 | D:3      | Reached XP level 5. HP: 41/42 MP: 6/6
  1910 | D:3      | Found a glowing drain.
  1950 | Sewer    | Entered a sewer
  2146 | Sewer    | Found a white marble altar of Elyvilon.
  2528 | D:3      | Reached XP level 6. HP: 48/48 MP: 7/7
  2629 | D:3      | Found a faded altar to an unknown god.
  2640 | D:3      | Became a worshipper of Yredelemnul the Dark
  2640 | D:3      | Reached * piety under Yredelemnul
  3709 | D:4      | Noticed an ice beast
  3736 | D:4      | Killed an ice beast
  3839 | D:4      | Reached XP level 7. HP: 53/55 MP: 8/8
  4246 | D:5      | Entered Level 5 of the Dungeon
  4246 | D:5      | Found a staircase to the Ecumenical Temple.
  4383 | D:5      | Reached skill level 5 in Polearms
  4427 | D:5      | Noticed Duvessa
  4428 | D:5      | Noticed Dowan
  4436 | D:5      | Killed Duvessa
  4451 | D:5      | Killed Dowan
  4451 | D:5      | Reached skill level 5 in Fighting
  5016 | D:6      | HP: 2/56 [centaur/arrow (6)]
  5017 | D:6      | Shot with an arrow by a centaur

Vault maps used:
D:1:      dpeg_arrival_castle
D:2:      uniq_robin, uniq_terence, uniq_jessica
D:3:      minmay_door_path, ecumenical_altar_2, portal_sewer_entry_b
D:4:      first_bread
D:5:      serial_glass, glass_columns_b, glass_columns_b, glass_columns_b,
          glass_columns_c, glass_columns_b, glass_columns_a, uniq_duvessa
D:6:      nicolae_whirlpool, gammafunk_temple_overflow_statue
Sewer:    sewer_kobolds

Skill      XL: |  1  2  3  4  5  6  7 |
---------------+----------------------+-----
Polearms       | 1 2 3 4 5 |  5.7
Dodging        | 2 3 4 |  4.1
Fighting       | 4 5 |  5.1
Stealth        | |  1.7
Spellcasting   | |  1.0
Hexes          | |  2.0
Evocations     | |  1.0

Action                   |  1- 3 |  4- 6 |  7- 9 || total
-------------------------+-------+-------+-------++-------
Melee: Spear             |   123 |   303 |   154 ||   580
Invok: Animate Remains   |       |     3 |     2 ||     5
  Use: Potion            |     3 |       |       ||     3
       Scroll            |       |     3 |       ||     3
 Stab: Sleeping          |     3 |     2 |       ||     5
       Distracted        |       |       |     1 ||     1
  Eat: Chunk             |     1 |     3 |       ||     4
       Meat ration       |       |     1 |       ||     1
       Fruit             |       |     7 |       ||     7
